AoeStats
← zephyrutia

Oasis

507784953Analyzed
2v2 RM · 13d ago on Sep 19, 2026· 22m 55s· 4 players
Game mode
Random Map
Map size
Medium (4 player)
Population
200
Speed
Normal
Resources
Standard
Victory
Conquest
Starting age
Dark Age
Ending age
Imperial Age
RankedLock teamsTeams togetherTeam positionsShared explorationLock speedFull tech treeHidden civsTurbo modeCheats
Victory
Defeat
🇳🇵 Bulgarians · Nepal
853
+39
🇺🇸 Maya · United States
840
+20
🇬🇷 Vikings · Greece
1000
-74
🇬🇷 Huns · Greece
741
-12
zephyrutia
0:31 Loom
10:16 Feudal Age
21:29 Castle Age
19:21 Fletching
20:44 Padded Archer Armor
21:47 Crossbowman
Magikarp
11:19 Feudal Age
18:07 Castle Age
20:06 Forging
Elmar
15:36 Feudal Age
18:28 Double-Bit Axe
23:59 Castle Age
ME LENE GIORGO
5:59 Loom
14:36 Feudal Age
24:50 Castle Age
22:46 Fletching
22:58 Padded Archer Armor
Connection lost

Rejoining the realm…

Still unreachable

The connection could not be restored.

Session expired

The server has moved on; the page needs a fresh start.